 Dungeon Crawl Stone Soup version 0.31-a0-799-g6bc09d010c (webtiles) character file.

Game seed: 7308012002813993095

20113 Dirtsage the Cleaver (level 12, -3/95 HPs)
             Began as a Demonspawn Fighter on Sept 20, 2023.
             Was a High Priest of Okawaru.
             Slain by a wolf (5 damage)
             ... on level 2 of the Lair of Beasts.
             The game lasted 00:23:03 (12871 turns).

Dirtsage the Cleaver (Demonspawn Fighter)          Turns: 12871, Time: 00:23:03

Health: -3/95      AC: 18    Str: 27    XL:     12   Next: 42%
Magic:  20/20      EV:  9    Int: 10    God:    Okawaru [*****.]
Gold:   848        SH:  0    Dex: 13    Spells: 11/11 levels left

rFire   . . .        D - +2 war axe (heavy)
rCold   . . .        (no shield)
rNeg    . . .        L - +0 plate armour
rPois   .            g - +0 helmet
rElec   .            k - +0 cloak
rCorr   +            (gloves unavailable)
SInv    .            (no boots)
Will    .....        j - amulet of magic regeneration Stlth
                     K - +6 ring of strength
HPRegen 0.35/turn    C - ring of resist corrosion
MPRegen 0.57/turn

%: no passive effects
@: heroic
A: icy blue scales 1, foul stench 2, demonic magic 1, demonic touch 3
a: Renounce Religion, Heroism, Finesse, Duel


You were on level 2 of the Lair of Beasts.
You worshipped Okawaru.
Okawaru was extremely pleased with you.
You visited 3 branches of the dungeon, and saw 13 of its levels.
You also visited: Ossuary.

You collected 848 gold pieces.

Inventory:

Hand Weapons
 w - a +3 flail
 D - a +2 heavy war axe (weapon)
 Q - a +1 war axe of freezing
Missiles
 p - a throwing net
 N - 2 curare-tipped darts
 R - 2 atropa-tipped darts
Armour
 b - a +0 scale mail
 c - a +0 buckler
 g - a +0 helmet (worn)
 k - a +0 cloak (worn)
 L - a +0 plate armour (worn)
Jewellery
 a - an amulet of the acrobat
 j - an amulet of magic regeneration (around neck)
 u - a +6 ring of dexterity
 B - a ring of ice
 C - a ring of resist corrosion (right hand)
 K - a +6 ring of strength (left hand)
Wands
 I - a wand of flame (7)
 P - a wand of quicksilver (4)
 S - a wand of polymorph (2)
Scrolls
 e - 3 scrolls of fog {unknown}
 f - 2 scrolls of immolation
 i - 4 scrolls of identify
 r - a scroll of revelation {unknown}
 s - 3 scrolls of enchant weapon {unknown}
 x - a scroll of torment {unknown}
 y - 5 scrolls of enchant armour {unknown}
 z - 5 scrolls of teleportation {unknown}
 E - 2 scrolls of blinking {unknown}
 F - a scroll of brand weapon {unknown}
 G - 2 scrolls of silence {unknown}
 H - a scroll of amnesia {unknown}
 M - 2 scrolls of fear {unknown}
 O - a scroll of acquirement {unknown}
Potions
 d - 3 potions of might
 h - a potion of haste
 l - 4 potions of berserk rage {unknown}
 m - a potion of lignification
 n - a potion of ambrosia {unknown}
 o - 3 potions of mutation {unknown}
 q - 3 potions of curing
 t - a potion of attraction {unknown}
 v - 5 potions of brilliance {unknown}
 A - a potion of magic {unknown}
 J - 3 potions of enlightenment {unknown}


   Skills:
 + Level 9.1(14.1) Fighting
 * Level 14.5(19.5) Axes
 + Level 2.4(7.4) Throwing
 - Level 2.6(7.6) Armour
 + Level 5.8(10.8) Shields
 + Level 11.0 Invocations


You had 11 spell levels left.
You didn't know any spells.
Your spell library contained the following spells:

 Spells                   Type           Power      Damage    Failure   Level
 Magic Dart               Conj           0%         1d3       98%         1
 Shock                    Conj/Air       0%         1d3       98%         1
 Sting                    Tmut/Pois      0%         1d3       98%         1
 Ensorcelled Hibernation  Hex/Ice        0%         N/A       99%         2
 Jinxbite                 Hex            0%         N/A       99%         2
 Poisonous Vapours        Pois/Air       0%         N/A       99%         2
 Searing Ray              Conj           0%         2d4       99%         2
 Ozocubu's Armour         Ice            0%         N/A       100%        3
 Swiftness                Air            0%         N/A       100%        3
 Airstrike                Air            0%         2d(0-16)  100%        4
 Anguish                  Hex/Necr       0%         N/A       100%        4
 Fulminant Prism          Conj/Hex       0%         3d5       100%        4
 Olgreb's Toxic Radiance  Pois           0%         N/A       100%        4
 Alistair's Intoxication  Tmut/Pois      0%         N/A       100%        5
 Borgnjor's Vile Clutch   Necr/Erth      0%         N/A       100%        5
 Freezing Cloud           Conj/Ice/Air   0%         6-21      100%        5
 Metabolic Englaciation   Hex/Ice        0%         N/A       100%        5
 Eringya's Noxious Bog    Tmut/Pois      0%         4d6       100%        6
 Chain Lightning          Conj/Air       0%         N/A       100%        9
 Summon Ice Beast         Ice/Summ       Unusable   N/A       N/A         4
 Summon Mana Viper        Hex/Summ       Unusable   N/A       N/A         5
 Simulacrum               Ice/Necr       Unusable   N/A       N/A         6
 Summon Cactus Giant      Summ           Unusable   N/A       N/A         6
 Monstrous Menagerie      Summ           Unusable   N/A       N/A         7

Dungeon Overview and Level Annotations

Branches:
Dungeon (10/15)            Temple (1/1) D:5            Lair (2/5) D:8
    Orc (0/2) D:9         Ossuary (visited)
  Swamp: Lair:2-3    Shoals: Lair:2-3     Snake: Lair:2-3    Spider: Lair:2-3

Altars:
Ashenzari
Cheibriados
Dithmenos
Fedhas
Gozag
Hepliaklqana
Kikubaaqudgha
Makhleb
Nemelex Xobeh
Okawaru
Qazlal
Ru
Sif Muna
Trog
Uskayaw
Vehumet
Wu Jian
Xom
Yredelemnul

Shops:
D:9 *

Annotations:
D:10 2 transporters, zero's ghost, journeyman GrEE


Innate Abilities, Weirdness & Mutations

You are partially covered in icy blue scales. (AC +2)
You sometimes emit foul miasma when damaged in melee.
Spells you cast may paralyse adjacent enemies.
Your touch may irresistibly damage your foes and sap their willpower.


Message History

The wolf is severely wounded.
The wolf closely misses you. The wolf barely misses you.
You gain the combat prowess of a mighty hero.
The wolf bites you.
* * * LOW HITPOINT WARNING * * *
The wolf bites you.
* * * LOW HITPOINT WARNING * * *
The wolf bites you but does no damage.
You take 5 damage, and have 17/95 hp.
You now have 18/20 mp.
You slice the wolf!!
You kill the wolf!
Okawaru accepts your kill.
You miss the wolf.
The wolf bites you but does no damage. x2
You closely miss the wolf.
You touch the wolf!
You sap its willpower!
The wolf is moderately wounded.
You slice the wolf!! The wolf bites you!
* * * LOW HITPOINT WARNING * * *
The wolf barely misses you. The wolf completely misses you.
You take 7 damage, and have 10/95 hp.
You cut the wolf into ribbons!!!
You kill the wolf!
Okawaru accepts your kill.
You slice the wolf!!
You kill the wolf!
Okawaru accepts your kill.
You slice the wolf!!
You kill the wolf!
Okawaru accepts your kill.
Your Invocations skill increases to level 11!
MP restored: 20 You barely miss the wolf.
Your touch misses the wolf. The wolf barely misses you.
The wolf bites you but does no damage.
You barely miss the wolf. The wolf completely misses you. The wolf bites you!
* * * LOW HITPOINT WARNING * * *
You emit a cloud of foul miasma!
You take 8 damage, and have 2/95 hp.
You slash the wolf!
The wolf is severely wounded.
The wolf is engulfed in dark miasma.
The wolf is poisoned.
The wolf bites you.
You die...

.. .. .. ... #. ...# #.
#...##. #....!.♣♣
#.....†h♣ .....?†@♣♣♣
♣♣♣♣♣♣♣♣♣♣ ♣
#.......#.♣♣♣.♣.♣.♣♣.♣♣♣
P...P.......>...........
P...###.................
... #.................
.. #..##.............. .
.....##........>....
.....................
......................


You could see a wolf (poisoned).

Vanquished Creatures
  A hydra (Lair:2)
  A catoblepas (Lair:1)
  A boulder beetle (D:10)
  3 death yaks (D:8)
  Nergalle (Lair:1)
  An oklob plant (Lair:1)
  A black mamba (Lair:2)
  A gargoyle (D:10)
  A rime drake (Lair:1)
  5 cane toads
  A kobold demonologist (D:10)
  2 unseen horrors (D:10)
  3 komodo dragons (Lair:1)
  A polar bear (Lair:1)
  A troll (D:10)
  A hornet (D:8)
  7 blink frogs
  Sigmund (D:6)
  2 wyverns
  15 yaks
  A basilisk (Lair:1)
  4 steam dragons
  An acid dragon (D:9)
  3 water moccasins
  5 sky beasts
  2 black bears
  An ice beast (D:7)
  An orc warrior (D:6)
  An ogre (D:7)
  24 wolves
  4 centaurs
  An elf zombie (Ossuary)
  A phantom (D:3)
  5 kobold brigands
  5 bullfrogs
  A necrophage (D:4)
  6 wights
  15 killer bees
  5 howler monkeys
  A hound (D:6)
  A human zombie (Ossuary)
  A gnoll bouda (D:9)
  5 orc priests
  A jelly (D:5)
  Jessica (D:3)
  Terence (D:3)
  2 iguanas
  7 orc wizards
  2 hound zombies (Ossuary)
  A hound skeleton (D:4)
  4 mummies (Ossuary)
  Robin (D:3)
  10 adders
  8 gnolls
  3 adder zombies (Ossuary)
  4 worms
  2 dart slugs (D:4)
  33 orcs
  10 bats
  9 endoplasms
  3 giant cockroaches (D:1)
  2 gnoll zombies (Ossuary)
  18 goblins
  12 hobgoblins
  5 jackals
  A quokka (D:4)
  9 ball pythons
  4 frilled lizards
  A goblin zombie (Ossuary)
  A hobgoblin zombie (Ossuary)
  28 kobolds
  An orc zombie (Ossuary)
  3 rats
331 creatures vanquished.

Notes
Turn   | Place    | Note
-------+----------+-------------------------------------------
     0 | D:1      | Dirtsage the Demonspawn Fighter began the quest for the
                  | Orb.
     0 | D:1      | Reached XP level 1. HP: 18/18 MP: 1/1
    24 | D:1      | Reached skill level 2 in Axes
    93 | D:1      | Gained mutation: You are partially covered in icy blue
                  | scales. (AC +2) [demonic ancestry]
    93 | D:1      | Reached XP level 2. HP: 24/24 MP: 2/2
   203 | D:1      | Reached skill level 3 in Axes
   355 | D:1      | Reached XP level 3. HP: 29/29 MP: 3/3
  1170 | D:2      | Gained mutation: Your touch may inflict minor irresistible
                  | damage on your foes. [demonic ancestry]
  1170 | D:2      | Reached XP level 4. HP: 22/35 MP: 4/4
  1174 | D:2      | Reached skill level 4 in Axes
  1605 | D:3      | Found a radiant altar of Vehumet.
  1610 | D:3      | Noticed Jessica
  1622 | D:3      | Killed Jessica
  1638 | D:3      | Noticed Terence
  1648 | D:3      | Killed Terence
  1676 | D:3      | Gained mutation: Your touch may inflict irresistible damage
                  | on your foes. [demonic ancestry]
  1676 | D:3      | Reached XP level 5. HP: 41/41 MP: 5/5
  1797 | D:3      | Noticed Robin
  1815 | D:3      | Killed Robin
  1816 | D:3      | Reached skill level 5 in Axes
  2263 | D:4      | Noticed a phantom
  2270 | D:3      | Killed a phantom
  2276 | D:4      | Reached XP level 6. HP: 47/47 MP: 6/6
  2356 | D:4      | Reached skill level 6 in Axes
  2489 | D:4      | Found a sparkling altar of Nemelex Xobeh.
  2565 | D:4      | Found a burning altar of Makhleb.
  2907 | D:5      | Entered Level 5 of the Dungeon
  3141 | D:5      | Found a staircase to the Ecumenical Temple.
  3167 | D:5      | Found a shimmering blue altar of Sif Muna.
  3228 | D:5      | Got a clothbound book
  3359 | D:5      | Reached skill level 7 in Axes
  3359 | D:5      | Gained mutation: You may rarely emit foul miasma when
                  | damaged in melee. [demonic ancestry]
  3359 | D:5      | Reached XP level 7. HP: 17/52 MP: 7/7
  3832 | D:5      | Reached skill level 8 in Axes
  4199 | D:6      | Noticed Sigmund
  4203 | D:6      | Reached XP level 8. HP: 30/58 MP: 8/8
  4217 | D:6      | Killed Sigmund
  4218 | D:6      | Reached skill level 9 in Axes
  4393 | D:6      | Found a sand-covered staircase.
  4412 | Ossuary  | Entered an ossuary
  4848 | Temple   | Entered the Ecumenical Temple
  4857 | Temple   | Became a worshipper of Warmaster Okawaru
  4947 | D:6      | Reached skill level 10 in Axes
  4954 | D:6      | Reached skill level 1 in Invocations
  5623 | D:7      | Reached * piety under Okawaru
  5624 | D:7      | Gained mutation: Your touch may irresistibly damage your
                  | foes and sap their willpower. [demonic ancestry]
  5624 | D:7      | Reached XP level 9. HP: 51/65 MP: 11/11
  6326 | D:8      | Paralysed by a hornet for 3 turns
  6596 | D:8      | Reached skill level 11 in Axes
  6740 | D:8      | Reached skill level 5 in Invocations
  6832 | D:8      | Noticed a death yak
  6847 | D:8      | Killed a death yak
  6848 | D:8      | Reached skill level 5 in Fighting
  6922 | D:8      | Noticed a death yak
  6935 | D:8      | Noticed a death yak
  6939 | D:8      | Killed a death yak
  6940 | D:8      | Reached XP level 10. HP: 53/76 MP: 14/14
  6951 | D:8      | Killed a death yak
  6951 | D:8      | Reached ** piety under Okawaru
  6952 | D:8      | Reached skill level 12 in Axes
  7022 | D:8      | Found a staircase to the Lair.
  8683 | D:9      | Found a staircase to the Orcish Mines.
  8698 | D:9      | Found Zin's Purification Station.
  9062 | D:10     | Entered Level 10 of the Dungeon
  9109 | D:10     | Noticed a boulder beetle
  9130 | D:10     | Killed a boulder beetle
  9470 | D:10     | Reached *** piety under Okawaru
  9471 | D:10     | Reached skill level 13 in Axes
  9471 | D:10     | Gained mutation: You sometimes emit foul miasma when
                  | damaged in melee. [demonic ancestry]
  9471 | D:10     | Reached XP level 11. HP: 84/84 MP: 17/17
  9515 | D:10     | Found a broken altar of Ashenzari.
  9916 | D:10     | Reached **** piety under Okawaru
 10042 | D:10     | Found a transporter.
 10050 | D:10     | Found a transporter.
 10120 | D:10     | Noticed a two-headed ogre
 10129 | D:10     | Noticed a two-headed ogre
 10130 | D:10     | Noticed zero's ghost (journeyman GrEE)
 10131 | D:10     | Noticed a deep troll
 10219 | D:10     | Found a bloodstained altar of Trog.
 10810 | Lair:1   | Entered Level 1 of the Lair of Beasts
 10983 | Lair:1   | Noticed Nergalle
 10996 | Lair:1   | Killed Nergalle
 11047 | Lair:1   | Noticed a catoblepas
 11058 | Lair:1   | Killed a catoblepas
 11479 | Lair:1   | Reached skill level 10 in Invocations
 11510 | Lair:1   | Reached skill level 5 in Shields
 11518 | Lair:1   | Reached skill level 14 in Axes
 11693 | Lair:1   | Noticed an oklob plant
 11702 | Lair:1   | Killed an oklob plant
 11702 | Lair:1   | Reached ***** piety under Okawaru
 11867 | Lair:1   | Received a gift from Okawaru
 11926 | Lair:1   | Identified the +3 dagger "Arbiter" {elec, Int+2}
 12383 | Lair:2   | Gained mutation: Spells you cast may paralyse adjacent
                  | enemies. [demonic ancestry]
 12383 | Lair:2   | Reached XP level 12. HP: 92/94 MP: 19/19
 12397 | Lair:2   | Noticed an eight-headed hydra
 12407 | Lair:2   | Killed an eight-headed hydra
 12408 | Lair:2   | Reached skill level 1 in Throwing
 12697 | Lair:2   | HP: 4/94 [wolf (4)]
 12741 | Lair:2   | HP: 4/95 [blink frog (8)]
 12870 | Lair:2   | HP: 2/95 [wolf (9)]
 12871 | Lair:2   | Slain by a wolf

Illustrated notes

Levels and vault maps discovered:
D:1:      dpeg_arrival_round_a, layout_rooms, serial_bayou, serial_bayou_pond_c,
          serial_bayou_lake_a, serial_bayou_lagoon_a, serial_bayou_pond_b,
          serial_bayou_shore_b, nrook_uturn
D:2:      layout_loops_cross, minmay_shallow_snake_nest
D:3:      layout_loops_ring, fiery_altar_vehumet, corexii_leaking_fountain,
          minivault_26, minmay_misc_feat_alley, uniq_jessica, uniq_robin,
          uniq_terence
D:4:      layout_cave_pools, makhleb_blood_cavern_becter,
          general_overflow_altar, corexii_hall_statues_s,
          kennysheep_generic_room_6
D:5:      layout_loops_corners, mainiacjoe_overflow_cross_hatched,
          minmay_temple_entry_from_below_a, grunt_decor_resistance
D:6:      layout_cave_pools, nicolae_ossuary_entry_false_entrances, uniq_sigmund
D:7:      layout_cave_pools
D:8:      layout_loops_corners, dpeg_lair_monsters, kennysheep_cluttered_room,
          grunt_ministairs_5, st_stairs_9
D:9:      layout_loops_ring, zin_purify, orc_0_dummy
D:10:     layout_stronghold, old_standard_altar,
          gammafunk_ghost_wrathful_warriors, hangedman_misty_isle
Temple:   nicolae_temple_superstar
Lair:1:   layout_small_grid, serial_bayou_pond_e, uniq_nergalle
Lair:2:   layout_gridlike, nicolae_volcano_entry_batcave, gammafunk_ghost_split,
          portal_ice_cave_entry_ice_simulacra, chequers_serial_rivers_large_a,
          pdpol_lair_cabin_in_the_woods

Skill      XL: |  1  2  3  4  5  6  7  8  9 10 11 12 |
---------------+-------------------------------------+-----
Axes           | 2 3 4 5 7 8 10 11 13 14 | 14.5
Invocations    | 3 6 8 10 11 | 11.0
Fighting       | 5 7 8 9 |  9.1
Shields        | 3 5 |  5.8
Throwing       | 2 |  2.4
Armour         | |  2.6

Action                     |  1- 3 |  4- 6 |  7- 9 | 10-12 || total
---------------------------+-------+-------+-------+-------++-------
  Melee: War axe           |   142 |   179 |   222 |   422 ||   965
         Touch             |       |    19 |    45 |    64 ||   128
         Punch             |       |     1 |     3 |     9 ||    13
         Flail             |       |       |       |     4 ||     4
  Throw: Dart              |       |       |       |     1 ||     1
 Invoke: Heroism           |       |       |     3 |     9 ||    12
    Use: Scroll            |     1 |     4 |       |       ||     5
         Potion            |       |       |     3 |     2 ||     5
   Stab: Invisible         |       |       |       |     1 ||     1
 Armour: Scale mail        |   161 |   118 |   151 |       ||   430
         Plate armour      |       |       |   107 |   447 ||   554
         Skin              |       |       |       |     3 ||     3
  Dodge: Dodged            |   100 |    81 |    93 |   158 ||   432
  Block: Buckler           |    36 |    12 |       |       ||    48

Table legend: (Time is in decaauts)
 A = Elapsed time spent in this place.
 B = Non-inter-level travel time spent in this place.
 C = Inter-level travel time spent in this place.
 D = Time resting spent in this place.
 E = Time spent auto-exploring this place.
 F = Levels seen in this place.
 G = Mean time per level.
                   A        B        C        D        E       F      G
               +--------+--------+--------+--------+--------+-----+--------+
         Total |  12953 |  12471 |    482 |   1423 |   8994 |  14 |  925.2 |
       Dungeon |  10498 |  10055 |    443 |   1361 |   7080 |  10 | 1049.8 |
        Temple |     18 |      2 |     16 |      0 |      0 |   1 |   18.0 |
          Lair |   2045 |   2023 |     22 |     62 |   1589 |   2 | 1022.5 |
       Ossuary |    391 |    391 |      0 |      0 |    325 |   1 |  391.0 |
               +--------+--------+--------+--------+--------+-----+--------+

Top non-repeatable levels by time:
     D:8: 1812 daAuts
    D:10: 1666 daAuts
  Lair:1: 1546 daAuts
     D:5: 1186 daAuts
     D:6: 1087 daAuts
     D:9: 1031 daAuts
     D:1: 932 daAuts
     D:2: 771 daAuts
     D:3: 696 daAuts
     D:7: 667 daAuts
     D:4: 645 daAuts
  Lair:2: 499 daAuts
 Ossuary: 391 daAuts
  Temple: 18 daAuts
